 Dungeon Crawl Stone Soup version 0.31-a0-355-g57cb03d3e8 (webtiles) character file.

Game seed: 16893455821602349824

1531 randomguy2701 the Cleaver (level 8, -2/64 (74) HPs)
             Began as a Hill Orc Monk on July 24, 2023.
             Was a Believer of Beogh.
             Slain by a wight
             ... wielding a +3 great sword of freezing
              (12 damage)
             ... on level 8 of the Dungeon.
             The game lasted 00:13:09 (7691 turns).

randomguy2701 the Cleaver (Hill Orc Monk)           Turns: 7691, Time: 00:13:09

HP:   -2/64 (74)    AC: 12    Str: 16    XL:     8   Next: 85%
MP:   9/9           EV:  6    Int: 10    God:    Beogh [**....]
Gold: 289           SH:  0    Dex: 13    Spells: 7/7 levels left

rFire   . . .        a - +0 hand axe
rCold   . . .        d - orb {light}
rNeg    . . .        g - +0 plate armour
rPois   .            (no helmet)
rElec   .            (no cloak)
rCorr   .            (no gloves)
SInv    .            (no boots)
Will    .....        k - amulet of the acrobat Stlth
                     (no ring)
HPRegen 0.30/turn    (no ring)
MPRegen 0.11/turn

%: acrobat
@: glowing, heavily drained
A: no striking features
a: Renounce Religion, Smiting


You were on level 8 of the Dungeon.
You worshipped Beogh.
Beogh was pleased with you.
You visited 1 branch of the dungeon, and saw 8 of its levels.

You collected 316 gold pieces.
You spent 27 gold pieces at shops.

Inventory:

Hand Weapons
 a - a +0 hand axe (weapon)
Armour
 b - a +0 robe
 d - an orb of light (worn)
 f - a +0 scale mail
 g - a +0 plate armour (worn)
Jewellery
 k - an amulet of the acrobat (around neck)
 w - an amulet of magic regeneration
Wands
 c - a wand of flame (26)
 o - a wand of light (6)
Scrolls
 e - a scroll of poison {unknown}
 h - 2 scrolls of immolation {unknown}
 l - a scroll of vulnerability {unknown}
 r - 3 scrolls of fog {unknown}
 s - a scroll of fear {unknown}
 u - a scroll of enchant weapon {unknown}
 y - a scroll of amnesia {unknown}
 B - a scroll of enchant armour {unknown}
Potions
 j - 3 potions of lignification
 m - a potion of resistance
 n - a potion of berserk rage
 p - a potion of curing
 q - 2 potions of might
 t - a potion of cancellation {unknown}
 v - 2 potions of mutation {unknown}
 x - a potion of attraction {unknown}
 z - 2 potions of brilliance {unknown}
 A - a potion of heal wounds {unknown}
 C - a potion of degeneration {unknown}


   Skills:
 + Level 8.2 Fighting
 + Level 8.9 Axes
 + Level 6.4 Armour
 - Level 2.4 Dodging
 + Level 2.4 Invocations


You had 7 spell levels left.
You didn't know any spells.
Your spell library contained the following spells:

 Spells                   Type           Power      Damage    Failure   Level
 Inner Flame              Hex/Fire       0%         N/A       100%        3
 Yara's Violent Unravell  Hex/Tmut       0%         3d3       100%        5
 Enfeeble                 Hex            0%         N/A       100%        7


Dungeon Overview and Level Annotations

Branches:
Dungeon (8/15)             Temple (0/1) D:5
   Lair: D:8-11

Altars:
Ashenzari
Dithmenos
Elyvilon
Gozag
Makhleb
Qazlal
Ru
Wu Jian
Yredelemnul

Shops:
D:3 *   D:5 (   D:7 =


Message History

You feel drained.
The wight hits you with a +3 great sword of freezing!
The wight freezes you.
You barely miss the wight.
The wight is heavily damaged.
You completely miss the wight. The wight hits you but does no damage.
The wight hits you with a +3 great sword of freezing!!
You feel drained. The wight freezes you.
* * * LOW HITPOINT WARNING * * *
You hit the wight but do no damage.
The wight is heavily damaged.
You barely miss the wight. The wight completely misses you.
The wight hits you with a +3 great sword of freezing.
* * * LOW HITPOINT WARNING * * *
You feel drained.
* * * LOW HITPOINT WARNING * * *
The wight freezes you.
* * * LOW HITPOINT WARNING * * *
Found a scroll of identify.
The wight closely misses you.
The wight hits you with a +3 great sword of freezing!
* * * LOW HITPOINT WARNING * * *
You feel drained.
* * * LOW HITPOINT WARNING * * *
The wight freezes you.
* * * LOW HITPOINT WARNING * * *
You feel better. The wight closely misses you. The wight barely misses you.
The wight attacks as you move away! The wight misses you.
The wight attacks as you move away! The wight barely misses you.
There is a stone staircase leading down here.
The wight barely misses you.
You climb downwards.
Found a stone staircase leading up.
There is a stone staircase leading up here.
You hit the wight but do no damage.
The wight is heavily damaged.
The wight hits you but does no damage.
You hit the wight but do no damage.
The wight is heavily damaged.
The wight hits you with a +3 great sword of freezing!
You die...

###
..#
#.#
#.#
#@#
#z#
#.#
#..
#..
#..<
#...
#....


You could see a wight.

Vanquished Creatures
  A wyvern (D:7)
  Menkaure (D:4)
  Duvessa (D:4)
  2 centaurs
  A gnoll sergeant (D:6)
  A kobold brigand (D:6)
  A scorpion (D:3)
  Dowan (D:4)
  A wight (D:7)
  5 hounds
  2 jellies (D:6)
  Jessica (D:3)
  An iguana (D:4)
  4 orc wizards
  2 sleepcaps
  8 gnolls (D:6)
  7 adders
  3 white imps
  An ufetubus (D:6)
  3 worms
  4 dart slugs
  10 orcs
  8 endoplasms
  2 giant cockroaches
  12 goblins
  7 hobgoblins
  17 kobolds
  5 quokkas
  5 ball pythons
  7 bats
  3 frilled lizards
  13 rats
140 creatures vanquished.

Vanquished Creatures (others)
  An adder (D:5)
1 creature vanquished.

Grand Total: 141 creatures vanquished

Notes
Turn   | Place    | Note
-------+----------+-------------------------------------------
     0 | D:1      | randomguy2701 the Hill Orc Monk began the quest for the
                  | Orb.
     0 | D:1      | Reached XP level 1. HP: 19/19 MP: 1/1
   162 | D:1      | Reached XP level 2. HP: 27/27 MP: 2/2
   275 | D:1      | Reached skill level 1 in Armour
   407 | D:1      | Reached XP level 3. HP: 33/33 MP: 3/3
   412 | D:1      | Found a faded altar of an unknown god.
  1162 | D:2      | Reached XP level 4. HP: 22/40 MP: 4/4
  1164 | D:2      | Reached skill level 5 in Axes
  1912 | D:3      | Noticed Jessica
  1913 | D:3      | Found Iptaohus's Assorted Antiques.
  1924 | D:3      | Killed Jessica
  1925 | D:3      | Reached skill level 5 in Fighting
  1925 | D:3      | Reached XP level 5. HP: 9/48 MP: 5/5
  2763 | D:3      | Bought a scroll labelled NOARIW ODWE for 27 gold pieces
  2792 | D:4      | Found an opulent altar of Gozag.
  2794 | D:4      | Found a broken altar of Ashenzari.
  2794 | D:4      | Found a stormy altar of Qazlal.
  2796 | D:4      | Found a sacrificial altar of Ru.
  2797 | D:4      | Found an ornate altar of the Wu Jian Council.
  2844 | D:4      | Reached XP level 6. HP: 56/56 MP: 6/6
  3025 | D:4      | Found a burning altar of Makhleb.
  3044 | D:4      | Noticed Duvessa
  3050 | D:4      | Noticed Dowan
  3085 | D:5      | Entered Level 5 of the Dungeon
  3156 | D:5      | Became a worshipper of Beogh the Brigand
  3156 | D:5      | Reached * piety under Beogh
  3156 | D:5      | Reached ** piety under Beogh
  3505 | D:5      | Found a shadowy altar of Dithmenos.
  3641 | D:5      | Found a staircase to the Ecumenical Temple.
  3755 | D:5      | Found a white marble altar of Elyvilon.
  3791 | D:5      | Reached XP level 7. HP: 50/63 MP: 7/7
  3912 | D:5      | Found a basalt altar of Yredelemnul.
  3945 | D:5      | Found Naxab's Weapon Boutique.
  3946 | D:5      | Identified the +8 mace of the Slime-mould {drain, rF+}
  4458 | D:4      | Noticed Menkaure
  5058 | D:6      | Reached skill level 5 in Armour
  5278 | D:6      | Reached *** piety under Beogh
  5279 | D:6      | Reached XP level 8. HP: 67/73 MP: 8/8
  6394 | D:7      | Noticed a wyvern
  6516 | D:4      | Killed Duvessa
  6617 | D:4      | Killed Menkaure
  6878 | D:4      | Killed Dowan
  7364 | D:7      | Killed a wyvern
  7365 | D:7      | Reached skill level 1 in Invocations
  7569 | D:7      | Found Wiluhuhe's Jewellery Emporium.
  7681 | D:7      | HP: 2/64 [wight/+3 great sword of freezing (2)]
  7691 | D:8      | Slain by a wight

Illustrated notes

Levels and vault maps discovered:
D:1:      heliophobic_arrival_glass_houses, layout_basic,
          nicolae_ecumenical_lake_church, st_stairs_7
D:2:      layout_loops_ring
D:3:      layout_loops_corners, serial_shops, shop, uniq_jessica
D:4:      layout_loops_ring, grunt_temple_overflow_open, minmay_door_square,
          uniq_menkaure, uniq_duvessa
D:5:      layout_basic, lemuel_tele_altar, yredelemnul_altar_generic,
          marbit_many_paths, minmay_temple_entry_tees, serial_shops,
          nicolae_shop_bloodbath_and_beyond
D:6:      layout_basic, serial_aquarium, aquarium_bridge_long_separate
          [aquarium_subvault_bridge, aquarium_subvault_bridge,
          aquarium_subvault_wall, aquarium_subvault_wall,
          aquarium_subvault_window, aquarium_subvault_bridge],
          aquarium_bridge_straight [aquarium_subvault_bridge,
          aquarium_subvault_window, aquarium_subvault_bridge,
          aquarium_subvault_wall], aquarium_window_corner, aquarium_window_2,
          aquarium_window_fake, aquarium_view_2d, aquarium_view_2g
D:7:      layout_rooms, minmay_shop_enchanted_jewellery, nicolae_the_louvre
D:8:      layout_basic, hellmonk_lair_entry_icy

Skill      XL: |  1  2  3  4  5  6  7  8 |
---------------+-------------------------+-----
Fighting       | 4 5 6 7 8 |  8.2
Armour         | 1 2 3 4 5 6 |  6.4
Axes           | 5 6 7 8 |  8.9
Invocations    | 2 |  2.4
Dodging        | |  2.4

Action                     |  1- 3 |  4- 6 |  7- 9 || total
---------------------------+-------+-------+-------++-------
  Melee: Hand axe          |    97 |   182 |   237 ||   516
 Invoke: Convert to Beogh  |       |     1 |       ||     1
         Smiting           |       |       |     2 ||     2
  Evoke: Wand              |       |       |     3 ||     3
    Use: Scroll            |       |     1 |     5 ||     6
         Potion            |       |       |     2 ||     2
 Armour: Robe              |     2 |       |       ||     2
         Plate armour      |    70 |   104 |   142 ||   316
  Dodge: Dodged            |    27 |    69 |   105 ||   201

Table legend: (Time is in decaauts)
 A = Elapsed time spent in this place.
 B = Non-inter-level travel time spent in this place.
 C = Inter-level travel time spent in this place.
 D = Time resting spent in this place.
 E = Time spent auto-exploring this place.
 F = Levels seen in this place.
 G = Mean time per level.
                   A        B        C        D        E       F      G
               +--------+--------+--------+--------+--------+-----+--------+
         Total |   7697 |   7322 |    375 |   1298 |   4894 |   8 |  962.1 |
       Dungeon |   7697 |   7322 |    375 |   1298 |   4894 |   8 |  962.1 |
               +--------+--------+--------+--------+--------+-----+--------+

Top non-repeatable levels by time:
     D:6: 1703 daAuts
     D:4: 1530 daAuts
     D:5: 1469 daAuts
     D:3: 1250 daAuts
     D:1: 869 daAuts
     D:2: 704 daAuts
     D:7: 168 daAuts
     D:8: 1 daAuts
